 Dungeon Crawl Stone Soup version 0.20.1-1-g8b1a95d (webtiles) character file.

100 polve the Slasher (level 4, -3/35 HPs)
             Began as a Demonspawn Abyssal Knight on July 14, 2017.
             Was a Believer of Lugonu.
             Slain by Crazy Yiuf
             ... wielding a +3 quarterstaff of chaos
              (5 damage)
             ... while paralysed by Crazy Yiuf
             ... on level 2 of the Dungeon.
             The game lasted 00:02:09 (3336 turns).

polve the Slasher (Demonspawn Abyssal Knight)       Turns: 3336, Time: 00:02:10

Health: -3/35      AC:  4    Str: 13    XL:     4   Next: 47%
Magic:  3/5        EV:  2    Int: 13    God:    Lugonu [**....]
Gold:   111        SH:  0    Dex: 13    Spells: 3/3 levels left

rFire    . . .     SeeInvis .   a - +1 falchion
rCold    + . .     Gourm    .   (no shield)
rNeg     + + +     Faith    .   b - +0 leather armour
rPois    ∞         Spirit   .   (no helmet)
rElec    .         Reflect  .   j - +0 cloak
rCorr    .         Harm     .   (no gloves)
MR       .....                  (no boots)
Stlth    +.........             (no amulet)
Regen    0.2/turn               q - ring of flight
MPRegen  0.1/turn               h - ring of protection from cold

@: paralysed, lethally poisoned (-3 -> -3), petrified
A: powered by death 1, spiny 2
a: Depart the Abyss, Bend Space, Renounce Religion, Evoke Flight


You were on level 2 of the Dungeon.
You worshipped Lugonu.
Lugonu was pleased with you.
You were hungry.

You visited 1 branch of the dungeon, and saw 2 of its levels.
You visited the Abyss 1 time.

You collected 111 gold pieces.

Inventory:

Hand Weapons
 a - a +1 falchion (weapon)
Armour
 b - a +0 leather armour (worn)
 j - a +0 cloak (worn)
Jewellery
 h - a ring of protection from cold (right hand)
 q - a ring of flight (left hand)
Scrolls
 e - a scroll of teleportation {unknown}
 g - a scroll of enchant weapon {unknown}
 k - a scroll of enchant armour {unknown}
 l - 5 scrolls of remove curse {unknown}
 m - 7 scrolls of identify {unknown}
 o - a scroll of recharging {unknown}
 s - a scroll of amnesia {unknown}
Potions
 n - a potion of haste {unknown}
 p - a potion of degeneration {unknown}
 r - a potion of curing {unknown}
Comestibles
 c - 4 bread rations
 d - 2 meat rations
 f - a royal jelly


   Skills:
 - Level 3.0 Fighting
 + Level 4.3 Long Blades
 - Level 1.7 Armour
 - Level 0.8 Dodging
 - Level 2.4 Invocations


You had 3 spell levels left.
You didn't know any spells.

Dungeon Overview and Level Annotations

Branches:
Dungeon (2/15)

Altars:
Yredelemnul

Annotations:
D:2 Crazy Yiuf


Innate Abilities, Weirdness & Mutations

You regenerate a little health from kills.
You are mostly covered in sharp spines.


Message History

You feel your power leaking away.
Crazy Yiuf hits you with a quarterstaff of chaos.
Crazy Yiuf freezes you.
Crazy Yiuf hits you with a quarterstaff of chaos!
* * * LOW HITPOINT WARNING * * *
Crazy Yiuf burns you.
* * * LOW HITPOINT WARNING * * *
Crazy Yiuf grits, "Dawk infinity tortoise!"
Crazy Yiuf hits you with a quarterstaff of chaos!
* * * LOW HITPOINT WARNING * * *
Crazy Yiuf burns you.
* * * LOW HITPOINT WARNING * * *
Crazy Yiuf is struck by your spines.
Crazy Yiuf hits you with a quarterstaff of chaos!
* * * LOW HITPOINT WARNING * * *
Crazy Yiuf hits you with a quarterstaff of chaos!
* * * LOW HITPOINT WARNING * * *
You suddenly lose the ability to move!
Crazy Yiuf hits you with a quarterstaff of chaos!
You die...

##########################
...(.....................#
########################.#
.......................#.#
########################.#
###### #.# .....# #######.##
.....# ########.#.P.#..#
.....# #...##@.#..P....#
.....# #...'g####......#
.....#### #)..### ##..#.##
.....#..# ##### ####.#
######..# #.# ........# #.#
##.....############## #.#
....................# #.#
...................>####'#####


You could see Crazy Yiuf.

Vanquished Creatures
  3 adders
  An ooze (D:1)
  A worm (D:2)
  2 dart slugs
  2 leopard geckos (D:1)
  2 ball pythons (D:1)
  4 giant cockroaches
  5 goblins
  6 hobgoblins
  10 jackals
  7 kobolds
  6 bats
  3 frilled lizards
  4 rats
56 creatures vanquished.

Notes
Turn   | Place    | Note
-------+----------+-------------------------------------------
     0 | Abyss:1  | polve the Demonspawn Abyssal Knight began the quest for the Orb.
     0 | Abyss:1  | Reached XP level 1. HP: 18/18 MP: 2/2
   128 | Abyss:1  | Noticed a starcursed mass
   135 | D:1      | Escaped the Abyss
   427 | D:1      | Reached skill level 2 in Long Blades
   507 | D:1      | Gained mutation: You are partially covered in sharp spines. [demonic ancestry]
   507 | D:1      | Reached XP level 2. HP: 7/24 MP: 3/3
   826 | D:1      | Reached * piety under Lugonu
   939 | D:1      | Reached skill level 3 in Long Blades
  1201 | D:1      | Gained mutation: You are mostly covered in sharp spines. [demonic ancestry]
  1201 | D:1      | Reached XP level 3. HP: 25/29 MP: 4/4
  1948 | D:2      | Found a basalt altar of Yredelemnul.
  2118 | D:2      | Reached ** piety under Lugonu
  2298 | D:2      | Reached skill level 4 in Long Blades
  2298 | D:2      | Gained mutation: You regenerate a little health from kills. [demonic ancestry]
  2298 | D:2      | Reached XP level 4. HP: 30/35 MP: 5/5
  2910 | D:2      | Found a runed door.
  3319 | D:2      | Noticed Crazy Yiuf
  3334 | D:2      | Paralysed by Crazy Yiuf for 4 turns
  3336 | D:2      | Slain by Crazy Yiuf

Skill      XL: |  1  2  3 |
---------------+----------+-----
Long Blades    | 2 3 4 |  4.3
Fighting       | |  3.0
Armour         | |  1.7
Dodging        | |  0.8
Invocations    | |  2.4

Action                   |  1- 3 |  4- 6 || total
-------------------------+-------+-------++-------
Melee: Falchion          |    82 |    27 ||   109
Invok: Depart the Abyss  |     1 |       ||     1
  Use: Potion            |       |     1 ||     1
  Eat: Chunk             |     4 |     3 ||     7
Armor: Leather armour    |    24 |     2 ||    26
Dodge: Dodged            |    46 |    13 ||    59
       Rpst.: Falchion   |    20 |     5 ||    25
